 Dungeon Crawl Stone Soup version 0.29-a0-8-g0446c0dae4 (webtiles) character file.

Game seed: 7611566638201261291

438 hatsuma the Magician (level 6, 0/34 HPs)
             Began as a Deep Elf Hedge Wizard on Jan 25, 2022.
             Was a Priest of Fedhas.
             Slain by a hound (1 damage)
             ... on level 5 of the Dungeon on Jan 27, 2022.
             The game lasted 00:40:16 (8262 turns).

hatsuma the Magician (Deep Elf Hedge Wizard)        Turns: 8262, Time: 00:40:18

Health: 0/34       AC:  2    Str:  7    XL:     6   Next: 69%
Magic:  34/34      EV: 12    Int: 21    God:    Fedhas [***...]
Gold:   152        SH:  0    Dex: 14    Spells: 4/16 levels left

rFire   . . .      SeeInvis .   s - staff of air
rCold   . . .      Faith    .   (no shield)
rNeg    . . .      Spirit   .   b - +0 robe
rPois   .          Reflect  .   c - +0 hat
rElec   +          Harm     .   (no cloak)
rCorr   .          Rampage  .   (no gloves)
Will    .....                   (no boots)
Stlth   ++........              (no amulet)
HPRegen 0.11/turn               g - ring of magical power
MPRegen 0.24/turn               q - ring of magical power

@: no status effects
A: no striking features
a: Renounce Religion, Wall of Briars, Grow Ballistomycete


You were on level 5 of the Dungeon.
You worshipped Fedhas.
Fedhas was most pleased with you.
You visited 1 branch of the dungeon, and saw 5 of its levels.

You collected 152 gold pieces.

Inventory:

Armour
 b - a +0 robe (worn)
 c - a +0 hat (worn)
Magical Staves
 s - a staff of air (weapon)
Jewellery
 g - a ring of magical power (left hand)
 j - a ring of protection from fire
 q - a ring of magical power (right hand)
Wands
 n - a wand of acid (1)
Scrolls
 a - a scroll of torment {unknown}
 d - a scroll of enchant weapon
 e - a scroll of amnesia {unknown}
 f - a scroll of immolation
 h - a scroll of summoning {unknown}
 k - a scroll of noise {unknown}
 l - a scroll of vulnerability
 r - a scroll of blinking {unknown}
Potions
 m - 3 potions of curing
 p - a potion of mutation {unknown}
 t - a potion of heal wounds {unknown}
 u - a potion of attraction {unknown}


   Skills:
 - Level 1.3 Fighting
 - Level 2.4 Dodging
 - Level 2.4 Stealth
 + Level 5.6 Spellcasting
 - Level 2.0 Conjurations
 - Level 2.0 Hexes
 - Level 2.0 Summonings
 - Level 2.0 Translocations
 - Level 2.3 Transmutations
 - Level 2.6 Fire Magic
 - Level 1.5 Air Magic
 - Level 2.1 Poison Magic
 - Level 1.8 Invocations


You had 4 spell levels left.
You knew the following spells:

 Your Spells              Type           Power      Damage    Failure   Level
a - Magic Dart            Conj           56%        1d5       4%          1
b - Slow                  Hex            56%        N/A       4%          1
c - Call Imp              Summ           14%        N/A       7%          2
d - Blink                 Tloc           28%        N/A       7%          2
e - Mephitic Cloud        Conj/Pois/Air  20%        N/A       14%         3
f - Ignite Poison         Fire/Tmut/Pois 15%        N/A       12%         3

Your spell library contained the following spells:

 Spells                   Type           Power      Damage    Failure   Level
 Foxfire                  Conj/Fire      60%        2x1d7     3%          1
 Conjure Flame            Conj/Fire      15%        6-21      12%         3
 Inner Flame              Hex/Fire       15%        N/A       12%         3
 Flame Wave               Conj/Fire      15%        2d6       36%         4
 Cause Fear               Hex            7%         N/A       41%         4
 Freezing Cloud           Conj/Ice/Air   8%         6-21      87%         5
 Dragon Form              Tmut           7%         N/A       100%        7
 Dragon's Call            Summ           7%         N/A       100%        9


Dungeon Overview and Level Annotations

Branches:
Dungeon (5/15)
 Temple: D:4-7

Altars:
Fedhas


Message History

You are too injured to fight recklessly!
You are too injured to fight recklessly!
You are too injured to fight recklessly!
You are too injured to fight recklessly!
You are too injured to fight recklessly!
You are too injured to fight recklessly!
You are too injured to fight recklessly!
You are too injured to fight recklessly!
You are too injured to fight recklessly!
You are too injured to fight recklessly!
You are too injured to fight recklessly!
You are too injured to fight recklessly!
You are too injured to fight recklessly!
You are too injured to fight recklessly!
You closely miss the hound.
The hound is moderately wounded.
The hound bites you.
* * * LOW HITPOINT WARNING * * *
The hound bites you.
* * * LOW HITPOINT WARNING * * *
You miss the hound.
The hound is moderately wounded.
The hound barely misses you. x2
You hit the hound.
The hound is heavily wounded.
The hound closely misses you.
A hound comes into view.
The hound closely misses you.
You miss the hound.
The hound is heavily wounded.
The hound barks!
You hear an angry hiss.
The hound bites you.
* * * LOW HITPOINT WARNING * * *
You barely miss the hound.
The hound is heavily wounded.
The hound bites you.
* * * LOW HITPOINT WARNING * * *
The hound bites you.
You die...
Fedhas appreciates your contribution to the ecosystem.

...........
.........
.......
..... ...
#.# #<# #.#
#@#
#.h.....#
##...##...
#.....
#h####. #.#
# #.. ..#


You could see 2 hounds.

Vanquished Creatures
  A phantom (D:4)
  A howler monkey (D:5)
  5 adders
  A dart slug (D:1)
  2 orcs (D:4)
  8 ball pythons
  9 endoplasms
  2 giant cockroaches
  12 goblins
  8 hobgoblins
  8 jackals
  2 quokkas
  7 bats
  2 frilled lizards (D:1)
  6 kobolds
  2 rats
76 creatures vanquished.

Vanquished Creatures (collateral kills)
  A necrophage (D:4)
  2 iguanas (D:4)
  An orc wizard (D:4)
  An adder (D:4)
  2 worms
  A dart slug (D:4)
  4 orcs
  An endoplasm (D:1)
  2 giant cockroaches (D:4)
  A goblin (D:3)
  3 hobgoblins
  A jackal (D:1)
  A quokka (D:2)
  A ball python (D:4)
22 creatures vanquished.

Grand Total: 98 creatures vanquished

Notes
Turn   | Place    | Note
-------+----------+-------------------------------------------
     0 | D:1      | hatsuma the Deep Elf Hedge Wizard began the quest for the
                  | Orb.
     0 | D:1      | Reached XP level 1. HP: 10/10 MP: 7/7
     2 | D:1      | Learned a level 1 spell: Slow
     4 | D:1      | Found a faded altar of an unknown god.
    73 | D:1      | Reached skill level 1 in Fighting
   119 | D:1      | Reached XP level 2. HP: 9/16 MP: 2/9
   342 | D:1      | Reached skill level 1 in Hexes
   376 | D:1      | Prayed at the altar of an unknown god.
   376 | D:1      | Became a worshipper of Fedhas Madash
   376 | D:1      | Reached * piety under Fedhas
   760 | D:1      | Learned a level 2 spell: Call Imp
   763 | D:1      | Learned a level 2 spell: Blink
   888 | D:1      | Reached XP level 3. HP: 13/20 MP: 10/10
  1243 | D:1      | Learned a level 3 spell: Mephitic Cloud
  1497 | D:2      | Reached skill level 1 in Poison Magic
  1955 | D:2      | Reached skill level 1 in Air Magic
  1964 | D:2      | Reached ** piety under Fedhas
  1985 | D:2      | Reached XP level 4. HP: 25/25 MP: 12/12
  2624 | D:2      | Identified the +4 trident of Ecics {pain, rC+}
  4227 | D:4      | Reached XP level 5. HP: 25/29 MP: 13/13
  4504 | D:4      | Reached *** piety under Fedhas
  4713 | D:4      | Noticed a phantom
  5196 | D:4      | Reached skill level 5 in Spellcasting
  5658 | D:4      | Identified the +5 chain mail "Iheqo" {rPois Str+4 Stlth+}
  6910 | D:4      | Reached skill level 1 in Invocations
  6919 | D:3      | Learned a level 3 spell: Ignite Poison
  7003 | D:4      | Reached skill level 1 in Fire Magic
  7218 | D:4      | Noticed a necrophage
  7252 | D:4      | Killed a necrophage
  7253 | D:4      | Reached XP level 6. HP: 34/34 MP: 15/15
  7373 | D:4      | Noticed a yak
  7374 | D:4      | Noticed a yak
  7376 | D:4      | Noticed a yak
  7381 | D:4      | Noticed a yak
  7755 | D:5      | Entered Level 5 of the Dungeon
  8239 | D:4      | Upgraded the game from 0.28-a0-1638-g9123634e07 to
                  | 0.29-a0-2-g12fcac58f8
  8239 | D:4      | Upgraded the game from 0.29-a0-2-g12fcac58f8 to
                  | 0.29-a0-8-g0446c0dae4
  8262 | D:5      | HP: 1/34 [hound (1)]
  8262 | D:5      | Slain by a hound

Illustrated notes

Levels and vault maps discovered:
D:1:      amcnicky_arrival_double_pillar, layout_rooms,
          shapermc_ecumenical_altar_starsandcircs, minmay_tromino_i4
D:2:      layout_rooms, minmay_misc_feat_roman, roderic_three_in_a_row,
          minmay_tall_x
D:3:      layout_basic
D:4:      layout_basic, portal_sewer_entry_d
D:5:      minmay_evil_eye, layout_rooms, temple_statues, skrybe_limestone_x,
          uniq_blork_the_orc, uniq_menkaure

Skill      XL: |  1  2  3  4  5  6 |
---------------+-------------------+-----
Fighting       | 1 |  1.3
Hexes          | 2 |  2.0
Conjurations   | 2 |  2.0
Poison Magic   | 1 2 |  2.1
Air Magic      | 1 |  1.5
Summonings     | 2 |  2.0
Translocations | 2 |  2.0
Spellcasting   | 5 |  5.6
Invocations    | 1 |  1.8
Fire Magic     | 1 2 |  2.6
Transmutations | 2 |  2.3
Dodging        | |  2.4
Stealth        | |  2.4

Action                   |  1- 3 |  4- 6 || total
-------------------------+-------+-------++-------
Melee: Dagger            |    31 |    29 ||    60
       Staff             |       |    28 ||    28
       Punch             |       |     1 ||     1
 Cast: Magic Dart        |    92 |   136 ||   228
       Call Imp          |     7 |    45 ||    52
       Slow              |     3 |    18 ||    21
  Use: Scroll            |       |     5 ||     5
 Stab: Sleeping          |     1 |     4 ||     5
Armor: Robe              |    10 |    15 ||    25
Dodge: Dodged            |    44 |    73 ||   117

Table legend: (Time is in decaauts)
 A = Elapsed time spent in this place.
 B = Non-inter-level travel time spent in this place.
 C = Inter-level travel time spent in this place.
 D = Time resting spent in this place.
 E = Time spent auto-exploring this place.
 F = Levels seen in this place.
 G = Mean time per level.
                   A        B        C        D        E       F      G
               +--------+--------+--------+--------+--------+-----+--------+
         Total |   8285 |   7576 |    709 |   2406 |   3010 |   5 | 1657.0 |
       Dungeon |   8285 |   7576 |    709 |   2406 |   3010 |   5 | 1657.0 |
               +--------+--------+--------+--------+--------+-----+--------+

Top non-repeatable levels by time:
     D:4: 3497 daAuts
     D:3: 1918 daAuts
     D:1: 1725 daAuts
     D:2: 1006 daAuts
     D:5: 138 daAuts
